 Dungeon Crawl Stone Soup version 0.21-a0-258-g4c0eb85 (webtiles) character file.

4520 tof the Grappler (level 10, -6/98 (100) HPs)
             Began as a Troll Monk on Sept 6, 2017.
             Was a Priest of Wu Jian.
             Mangled by a killer bee (7 damage)
             ... on level 9 of the Dungeon.
             The game lasted 00:17:02 (7216 turns).

tof the Grappler (Troll Monk)                       Turns: 7216, Time: 00:17:03

HP:   -6/98 (100)   AC:  5    Str: 24    XL:     10   Next: 17%
MP:   9/9           EV: 12    Int:  6    God:    Wu Jian [***...]
Gold: 388           SH: 10    Dex: 17    Spells: 9/9 levels left

rFire    . . .     SeeInvis .     - Unarmed
rCold    . . .     Gourm    +   C - +0 shield
rNeg     . . .     Faith    .   a - +0 robe
rPois    .         Spirit   .   (helmet restricted)
rElec    .         Reflect  .   D - scarf {cloud immunity}
rCorr    .         Harm     .   (gloves unavailable)
MR       .....                  (boots unavailable)
Stlth    ++........             (no amulet)
HPRegen  0.66/turn              n - +3 ring of evasion
MPRegen  0.11/turn              p - +5 ring of dexterity

@: lethally poisoned (-6 -> -11), drained
A: unfitting armour, claws 3, fast metabolism 3, gourmand, regeneration 1,
shaggy fur 1, tough skin 2
a: Renounce Religion


You were on level 9 of the Dungeon.
You worshipped Wu Jian.
Wu Jian was most pleased with you.
You were very full.

You visited 2 branches of the dungeon, and saw 10 of its levels.

You collected 478 gold pieces.
You spent 90 gold pieces at shops.

Inventory:

Hand Weapons
 v - a cursed -2 blowgun
Missiles
 J - 26 poisoned needles
Armour
 a - a +0 robe (worn)
 C - a +0 shield (worn)
 D - a scarf of cloud immunity (worn)
Jewellery
 n - a +3 ring of evasion (left claw)
 p - a +5 ring of dexterity (right claw)
 F - an uncursed ring of see invisible
Wands
 l - a wand of disintegration (6/24)
 z - a wand of polymorph (8/24)
 E - a wand of lightning (8/15)
 H - a wand of paralysis (14/24)
 K - a wand of iceblast (2/15)
 N - a wand of confusion (15/48)
Scrolls
 d - 2 scrolls of remove curse
 e - 3 scrolls of magic mapping
 j - 4 scrolls of fear
 m - a scroll of blinking {unknown}
 r - 2 scrolls of fog
 s - 5 scrolls of teleportation
 x - a scroll of enchant weapon
 y - 2 scrolls of recharging
 G - 2 scrolls of amnesia
Potions
 c - 3 potions of heal wounds
 g - a potion of invisibility {unknown}
 h - a potion of mutation {unknown}
 i - 2 potions of haste {unknown}
 k - 2 potions of degeneration {unknown}
 o - 2 potions of flight {unknown}
 q - 2 potions of cancellation {unknown}
 t - 2 potions of resistance {unknown}
 u - a potion of brilliance {unknown}
 w - 3 potions of curing
 I - a potion of might {unknown}
 M - a potion of magic {unknown}
Comestibles
 b - 5 bread rations
 f - 5 royal jellies
 A - 4 meat rations
 B - 3 fruits


   Skills:
 + Level 6.8(6.2) Fighting
 + Level 3.4(2.8) Dodging
 - Level 1.0(0.4) Stealth
 + Level 4.4(3.8) Shields
 * Level 11.4(10.6) Unarmed Combat


You had 9 spell levels left.
You didn't know any spells.

Dungeon Overview and Level Annotations

Branches:
Dungeon (9/15)             Temple (1/1) D:7
   Lair: D:8-11         Orc: D:9-12

Altars:
Fedhas
Hepliaklqana
Nemelex Xobeh
Okawaru
Qazlal
Vehumet
Wu Jian
Yredelemnul
Zin
The Shining One


Innate Abilities, Weirdness & Mutations

You are too large for most types of armour.
You have claws for hands.
Your metabolism is lightning-fast.
You like to eat raw meat.
Your natural rate of healing is unusually fast.
You are covered in fur. (AC +1)
You have very tough skin. (AC +2)


Message History

You scratch the killer bee.
The killer bee is almost dead.
You feel sick. The killer bee barely misses you. The killer bee stings you.
* * * LOW HITPOINT WARNING * * *
You block the killer bee's attack. The killer bee stings you.
* * * LOW HITPOINT WARNING * * *
The killer bee stings you.
* * * LOW HITPOINT WARNING * * *
The killer bee stings you.
* * * LOW HITPOINT WARNING * * *
You are more poisoned.
The killer bee poisons you! The killer bee closely misses you.
You scratch the killer bee.
You kill the killer bee!
The Council accepts your kill.
You feel sick. You block the killer bee's attack. The killer bee stings you!
* * * LOW HITPOINT WARNING * * *
The killer bee closely misses you. You block the killer bee's attack.
The killer bee misses you. The killer bee stings you!
You die...

.. #...# .! .. #...# .#.# #.
#...####### # .....#?
########.........#.#
.......##..z........†...)..###
.....##...oo..........†.)....#
.......z#...o>...?....))..####
.......o########yy.#####.##
.......o# #@y......#..
.......o# #.y.##### ###
..$.....# #...# ........#
####o..# ........#####.##o..#
.##.#......#.#.#...#
...#.####..###.#.## .## #.
#.## ##..# #. ..## #.#


You could see 2 orc warriors and 4 killer bees.

Vanquished Creatures
  The ghost of Mandevil the Bolt Thrower, an amateur HuHu (D:4)
  Grinder (D:3)
  Eustachio (D:6)
  Edmund (D:6)
  Duvessa (D:6)
  2 orc warriors
  5 ogres
  4 ice beasts
  A black bear (D:7)
  2 necrophages (D:7)
  A centaur (D:4)
  2 big kobolds (D:7)
  Blork the orc (D:6)
  5 bullfrogs
  A scorpion (D:4)
  Dowan (D:6)
  9 wights
  6 killer bees
  3 howler monkeys
  2 crimson imps (D:6)
  A bullfrog zombie (D:8)
  A gnoll shaman (D:6)
  2 hounds
  2 jellies (D:5)
  A centaur skeleton (D:8)
  2 orc priests
  2 orc wizards
  Ijyb (D:3)
  Natasha (twice) (D:3)
  5 iguanas
  4 worker ants
  2 hound skeletons
  A mummy (D:7)
  Robin (D:2)
  9 gnolls
  13 adders
  2 shadow imps (D:8)
  2 oozes
  2 adder zombies (D:4)
  A worm (D:2)
  6 dart slugs
  2 leopard geckos
  18 orcs
  2 ball pythons
  3 giant cockroaches
  10 goblins
  10 hobgoblins
  10 jackals
  6 quokkas
  8 bats
  3 frilled lizards
  15 kobolds
  A leopard gecko zombie (D:8)
  11 rats
211 creatures vanquished.

Notes
Turn   | Place    | Note
-------+----------+-------------------------------------------
     0 | D:1      | tof the Troll Monk began the quest for the Orb.
     0 | D:1      | Reached XP level 1. HP: 22/22 MP: 0/0
   142 | D:1      | Reached XP level 2. HP: 27/29 MP: 1/1
   585 | D:2      | Reached XP level 3. HP: 29/36 MP: 2/2
   591 | D:2      | Reached skill level 4 in Unarmed Combat
   752 | D:2      | Reached XP level 4. HP: 40/45 MP: 3/3
   905 | D:2      | Noticed Robin
   934 | D:2      | Killed Robin
  1497 | D:3      | Reached XP level 5. HP: 47/53 MP: 4/4
  1544 | D:3      | Found a faded altar of an unknown god.
  1556 | D:3      | Reached skill level 5 in Unarmed Combat
  1569 | D:3      | Noticed Grinder
  1569 | D:3      | Paralysed by Grinder for 5 turns
  1593 | D:3      | Paralysed by Grinder for 5 turns
  1729 | D:3      | Killed Grinder
  1729 | D:3      | Reached skill level 6 in Unarmed Combat
  1729 | D:3      | Reached XP level 6. HP: 62/62 MP: 5/5
  1794 | D:3      | Noticed Ijyb
  1801 | D:3      | Killed Ijyb
  1914 | D:3      | Noticed Natasha
  1920 | D:3      | Killed Natasha
  2206 | D:3      | Noticed Natasha
  2218 | D:3      | Killed Natasha
  2646 | D:4      | Noticed an orc warrior
  2651 | D:4      | Killed an orc warrior
  2651 | D:4      | Reached XP level 7. HP: 66/70 MP: 6/6
  2655 | D:4      | Reached skill level 7 in Unarmed Combat
  3209 | D:4      | Noticed Mandevil's ghost (amateur HuHu)
  3245 | D:4      | Killed Mandevil's ghost
  3249 | D:4      | Reached skill level 8 in Unarmed Combat
  3325 | D:4      | Found a basalt altar of Yredelemnul.
  3531 | D:5      | Entered Level 5 of the Dungeon
  3536 | D:5      | Reached skill level 5 in Fighting
  3536 | D:5      | Reached XP level 8. HP: 80/80 MP: 7/7
  3838 | D:5      | Reached skill level 1 in Shields
  4101 | D:5      | Reached skill level 9 in Unarmed Combat
  4945 | D:6      | Noticed Edmund
  4959 | D:6      | Killed Edmund
  5122 | D:6      | Noticed Blork the orc
  5132 | D:6      | Killed Blork the orc
  5132 | D:6      | Reached XP level 9. HP: 75/89 MP: 8/8
  5159 | D:6      | Noticed Dowan
  5162 | D:6      | Noticed Duvessa
  5166 | D:6      | Killed Dowan
  5183 | D:6      | Killed Duvessa
  5280 | D:6      | Reached skill level 10 in Unarmed Combat
  5486 | D:6      | Noticed Eustachio
  5501 | D:6      | Killed Eustachio
  6003 | D:7      | Found a staircase to the Ecumenical Temple.
  6025 | Temple   | Entered the Ecumenical Temple
  6066 | Temple   | Became a worshipper of the Wu Jian Council
  6066 | Temple   | Reached * piety under Wu Jian
  6066 | Temple   | Reached ** piety under Wu Jian
  6143 | D:7      | Found Zin's Purification Station.
  6148 | D:7      | Found a glowing silver altar of Zin.
  6155 | D:7      | Bought a potion of curing for 90 gold pieces
  6430 | D:7      | Reached skill level 11 in Unarmed Combat
  6700 | D:8      | Found a sparkling altar of Nemelex Xobeh.
  6867 | D:8      | Reached XP level 10. HP: 98/98 MP: 9/9
  6951 | D:8      | Reached *** piety under Wu Jian
  7216 | D:9      | HP: 1/98 [killer bee (7)]
  7216 | D:9      | Mangled by a killer bee

Vault maps used:
D:1:      lordsloth_arrival_two_stooges, item_on_display_b
D:2:      uniq_robin
D:3:      chequers_ecumenical_altar_island, first_bread, uniq_natasha,
          uniq_ijyb, uniq_grinder
D:4:      yredelemnul_altar_generic
D:5:      minmay_misc_feat_diagonals, hex_intersection,
          kennysheep_opposing_triangles
D:6:      uniq_eustachio, uniq_duvessa, uniq_edmund, uniq_blork_the_orc
D:7:      zin_purify, minmay_temple_entry_grid, serial_undead, serial_undead_b,
          serial_undead_b, serial_undead_f, serial_undead_f, serial_undead_a,
          serial_undead_c
D:8:      basic_altar
D:9:      dpeg_oklobed_lair, hiddenorc2_lemuel, serial_shops, shop
Temple:   minmay_crystal_snake_temple

Skill      XL: |  1  2  3  4  5  6  7  8  9 |
---------------+----------------------------+-----
Unarmed Combat | 4 6 8 9 11 | 11.4
Fighting       | 3 4 5 6 |  6.8
Shields        | 2 4 |  4.4
Dodging        | 3 |  3.4
Stealth        | |  1.0

Action                   |  1- 3 |  4- 6 |  7- 9 | 10-12 || total
-------------------------+-------+-------+-------+-------++-------
Melee: Unarmed           |    67 |   133 |   301 |    57 ||   558
       Punch             |     1 |     1 |     1 |       ||     3
  Use: Scroll            |       |     3 |     8 |       ||    11
 Stab: Distracted        |     1 |       |     1 |       ||     2
       Sleeping          |       |     2 |     8 |     1 ||    11
  Eat: Chunk             |    12 |    17 |    39 |     3 ||    71
Armor: Robe              |    28 |    34 |    44 |     8 ||   114
Dodge: Dodged            |    47 |    80 |    96 |    29 ||   252
Block: Shield            |       |       |    92 |    34 ||   126

Table legend:
 A = Spawn XP
 B = Non-spawn XP
 C = Spawn XP percentage of total XP
 D = Spawn monster count
 E = Non-spawn monster count
 F = Spawn count percentage of total count
 G = Total turns spent on level
                    A         B        C        D         E        F      G
               +---------+---------+-------+---------+---------+-------+---------
         Total |       0 |    6458 |   0.0 |       0 |     211 |   0.0 |  7216
               +---------+---------+-------+---------+---------+-------+---------
           D:1 |       0 |      26 |   0.0 |       0 |      17 |   0.0 |   514
           D:2 |       0 |     157 |   0.0 |       0 |      40 |   0.0 |   921
           D:3 |       0 |     439 |   0.0 |       0 |      27 |   0.0 |  1073
           D:4 |       0 |     796 |   0.0 |       0 |      17 |   0.0 |  1023
           D:5 |       0 |     885 |   0.0 |       0 |      21 |   0.0 |  1230
           D:6 |       0 |    1107 |   0.0 |       0 |      19 |   0.0 |  1009
           D:7 |       0 |    1618 |   0.0 |       0 |      40 |   0.0 |   692
           D:8 |       0 |     828 |   0.0 |       0 |      17 |   0.0 |   607
           D:9 |       0 |     602 |   0.0 |       0 |      13 |   0.0 |    71
               +---------+---------+-------+---------+---------+-------+---------
